 Dungeon Crawl Stone Soup version 0.18-a0-960-g77c8fc5 (webtiles) character file.

2153 Sodium1970 the Shield-Bearer (level 9, -10/69 HPs)
             Began as a Human Fighter on Dec 31, 2015.
             Mangled by Erolcha
             ... wielding a +5 giant club
              (15 damage)
             ... on level 8 of the Dungeon.
             The game lasted 00:31:22 (6953 turns).

Sodium1970 the Shield-Bearer (Human Fighter)        Turns: 6953, Time: 00:31:22

Health: -10/69     AC: 20    Str: 19    XL:     9   Next: 56%
Magic:  9/9        EV:  5    Int:  9    God:
Gold:   357        SH:  0    Dex: 13    Spells: 0 memorised, 8 levels left

rFire  . . .     SeeInvis .     E - +3 falchion (protect)
rCold  . . .     Gourm    .     A - +1 plate armour
rNeg   . . .     Faith    .     o - +0 shield (curse)
rPois  .         Spirit   .     e - +0 helmet
rElec  .         Dismiss  .     j - +0 cloak
rCorr  .         Reflect  .     (no gloves)
SustAt +         Harm     .     b - -2 pair of boots (curse)
MR     +....                    (no amulet)
Stlth  ..........               i - ring of protection from magic
                                l - ring of sustain attributes

@: confused, somewhat resistant to hostile enchantments, extremely unstealthy
A: no striking features
a: no special abilities


You were on level 8 of the Dungeon.
You were not hungry.

You visited 2 branches of the dungeon, and saw 9 of its levels.
You also visited: Sewer.

You collected 357 gold pieces.

Inventory:

Hand Weapons
 a - a +2 long sword
 t - a cursed +0 spear
 E - a +3 falchion of protection (weapon)
Missiles
 p - 62 poisoned needles (quivered)
Armour
 b - a cursed -2 pair of boots (worn)
 c - a +0 shield
 e - a +0 helmet (worn)
 j - a +0 cloak (worn)
 o - a cursed +0 shield (worn)
 A - a +1 plate armour (worn)
Jewellery
 i - a ring of protection from magic (right hand)
 l - a ring of sustain attributes (left hand)
 D - an uncursed ring of protection from cold
 F - an uncursed ring of sustain attributes
 L - a +2 amulet of reflection {unknown}
 N - an uncursed amulet of regeneration {unknown}
 O - an uncursed amulet of faith {unknown}
Wands
 k - a wand of fire (10/15)
 K - a wand of heal wounds (3/9)
Scrolls
 m - 4 scrolls of teleportation
 w - a scroll of blinking
 z - 5 scrolls of recharging
Potions
 d - a potion of might
 g - 4 potions of magic
 n - 3 potions of agility
 q - a potion of haste
 r - a potion of degeneration {unknown}
 x - a potion of curing
 B - 2 potions of cancellation {unknown}
 C - a potion of berserk rage {unknown}
 G - a potion of resistance {unknown}
 I - a potion of cure mutation {unknown}
Books
 v - a book of Ice

   Spells                             Type                      Level
   a - Ice Form                       Ice/Transmutation            4
   b - Metabolic Englaciation         Hexes/Ice                    5
   c - Ozocubu's Refrigeration        Ice                          6
   d - Bolt of Cold                   Conjuration/Ice              6
   e - Freezing Cloud                 Conjuration/Ice/Air          6
   f - Simulacrum                     Ice/Necromancy               6
Comestibles
 f - 6 bread rations
 s - a royal jelly
 u - 2 slices of pizza
 H - 3 meat rations
 M - a beef jerky


   Skills:
 + Level 6.1 Fighting
 + Level 5.6 Long Blades
 + Level 0.4 Throwing
 + Level 6.6 Armour
 + Level 1.9 Dodging
 + Level 0.2 Stealth
 + Level 7.5 Shields


You had 8 spell levels left.
You didn't know any spells.

Dungeon Overview and Level Annotations

Branches:
Dungeon (8/15)             Temple (1/1) D:4
   Lair: D:8-11

Altars:
Ashenzari
Elyvilon
Fedhas
Gozag
Kikubaaqudgha
Makhleb
Nemelex Xobeh
Qazlal
Ru
Trog
Xom
Yredelemnul
Zin

Annotations:
D:8 Erolcha


Message History

You slash Erolcha!
Erolcha is moderately wounded.
Erolcha hits you with an enchanted giant club!
You hit Erolcha.
Erolcha is moderately wounded.
Erolcha growls.
Erolcha gestures at you while chanting. The puff of flame hits you!
Your shield and plate armour prevent you from hitting Erolcha.
Erolcha is moderately wounded.
Erolcha mumbles some strange words.
Erolcha flickers and vanishes!
Deactivating autopickup; reactivate with Ctrl-A.
You closely miss something. Something hits you but does no damage.
You hit something but do no damage. Something hits you!
You hit something but do no damage. Something hits you!!
* * * LOW HITPOINT WARNING * * *
You are confused.
You feel invigorated. Something hits you!
You die...

# ##### #.#...# ####
#.#.(...################...
#........{@................
#...#.##################<..
# .. #... #. #... .. #...
#. #... # #... ####


There were no monsters in sight!

Vanquished Creatures
  A spriggan (D:7)
  Sigmund (D:4)
  A black bear (D:6)
  A sky beast (D:5)
  An orc warrior (D:6)
  2 phantoms (D:7)
  2 ogres (D:7)
  2 centaurs
  A scorpion (D:6)
  8 crimson imps
  A centaur zombie (D:7)
  4 hounds
  A giant frog zombie (D:5)
  A jelly (D:5)
  2 orc wizards (D:4)
  An orc priest (D:4)
  A centaur skeleton (D:6)
  A giant frog skeleton (D:5)
  Jessica (D:3)
  7 worker ants
  8 adders
  3 river rats (Sewer)
  2 adder skeletons
  3 worms
  5 giant geckos
  11 orcs
  5 ball pythons
  5 giant cockroaches
  9 goblins
  10 hobgoblins
  9 jackals
  4 quokkas
  3 bats
  A giant gecko skeleton (D:5)
  5 giant newts
  10 kobolds
  7 rats
140 creatures vanquished.

Notes
Turn   | Place    | Note
--------------------------------------------------------------
     0 | D:1      | Sodium1970 the Human Fighter began the quest for the Orb.
     0 | D:1      | Reached XP level 1. HP: 18/18 MP: 1/1
    98 | D:1      | Reached XP level 2. HP: 20/24 MP: 2/2
   636 | D:1      | Reached XP level 3. HP: 27/29 MP: 3/3
  1199 | D:2      | Reached XP level 4. HP: 35/35 MP: 4/4
  1371 | D:2      | Reached skill level 1 in Dodging
  1570 | D:2      | Found an opulent altar of Gozag.
  1675 | D:3      | Noticed Jessica
  1698 | D:3      | Killed Jessica
  1806 | D:3      | Reached XP level 5. HP: 29/41 MP: 5/5
  2024 | D:3      | Found a burning altar of Makhleb.
  2042 | D:3      | Reached skill level 4 in Shields
  2230 | D:4      | Reached XP level 6. HP: 20/48 MP: 6/6
  2462 | D:4      | Found a glowing drain.
  2468 | Sewer    | Entered a sewer
  2930 | D:4      | Found a staircase to the Ecumenical Temple.
  3016 | D:4      | Noticed Sigmund
  3044 | D:4      | Killed Sigmund
  3044 | D:4      | Reached skill level 5 in Shields
  3044 | D:4      | Reached XP level 7. HP: 35/55 MP: 7/7
  3051 | Temple   | Entered the Ecumenical Temple
  3370 | D:4      | Found a glowing silver altar of Zin.
  3439 | D:5      | Entered Level 5 of the Dungeon
  3561 | D:5      | Found a shimmering altar of Xom.
  4165 | D:5      | Reached XP level 8. HP: 44/61 MP: 8/8
  4292 | D:5      | Reached skill level 5 in Fighting
  4292 | D:5      | Reached skill level 5 in Armour
  4347 | D:5      | Reached skill level 6 in Shields
  5488 | D:6      | Reached XP level 9. HP: 53/68 MP: 9/9
  5877 | D:7      | Reached skill level 5 in Long Blades
  5939 | D:7      | Reached skill level 7 in Shields
  6929 | D:8      | Noticed Erolcha
  6934 | D:8      | Paralysed by Erolcha for 5 turns
  6952 | D:8      | HP: 1/69 [something (20)]
  6953 | D:8      | Mangled by Erolcha

Vault maps used:
D:1:      nicolae_arrival_memento_mori
D:2:      nicolae_gozag_cash_rules_everything_around_me
D:3:      makhleb_blood_cavern_becter, uniq_jessica
D:4:      zin_treasury, temple_fountains, portal_sewer_entry_e, first_bread,
          uniq_sigmund
D:5:      nicolae_overflow_hidden_temple, led_xom_imps
D:7:      the_bakery, kennysheep_generic_room_5
D:8:      minmay_cut_squares, grunt_temple_overflow_open, minmay_crossroads,
          uniq_erolcha
Temple:   circular_temple_12
Sewer:    sewer_co_cracked_pipes

Action                   |  1- 3 |  4- 6 |  7- 9 || total
-------------------------+-------+-------+-------++-------
Melee: Long sword        |   112 |   242 |   190 ||   544
       Falchion          |       |       |   273 ||   273
Throw: Tomahawk          |       |     2 |     5 ||     7
  Use: Scroll            |     2 |     8 |     9 ||    19
       Potion            |       |     3 |     2 ||     5
  Eat: Fruit             |     1 |     2 |       ||     3
       Bread ration      |       |     2 |     3 ||     5
